 Dungeon Crawl Stone Soup version 0.31-a0-1005-gfbdfbacc72 (webtiles) character file.

Game seed: 17995752982079297146

124 Revguard the Slasher (level 4, -5/52 HPs)
             Began as a Demonspawn Gladiator on Nov 11, 2023.
             Slain by a bullfrog (7 damage)
             ... in a sewer.
             The game lasted 00:05:47 (2414 turns).

Revguard the Slasher (Demonspawn Gladiator)         Turns: 2414, Time: 00:05:47

Health: -5/52      AC:  7    Str: 14    XL:     4   Next: 81%
Magic:  5/5        EV:  8    Int:  9    God:
Gold:   61         SH:  0    Dex: 17    Spells: 3/3 levels left

rFire   . . .        a - +0 long sword
rCold   . . .        (no shield)
rNeg    . . .        f - +0 ring mail
rPois   .            c - +0 helmet
rElec   .            (no cloak)
rCorr   .            (no gloves)
SInv    .            (no boots)
Will    .....        (no amulet) Stlth
                     (no ring)
HPRegen 0.28/turn    (no ring)
MPRegen 0.18/turn

%: no passive effects
@: berserking, constricted, very quick
A: magic regeneration, sharp scales 1
a: no special abilities


You were in a sewer.
You visited 1 branch of the dungeon, and saw 3 of its levels.
You also visited: Sewer.

You collected 61 gold pieces.

Inventory:

Hand Weapons
 a - a +0 long sword (weapon)
Missiles
 d - 3 throwing nets (quivered)
 e - a javelin
Armour
 b - a +0 leather armour
 c - a +0 helmet (worn)
 f - a +0 ring mail (worn)
Scrolls
 k - a scroll of poison {unknown}
 q - a scroll of identify {unknown}
 r - a scroll of fear {unknown}
Potions
 h - 2 potions of attraction {unknown}
 i - a potion of heal wounds {unknown}
 j - a potion of berserk rage
 l - a potion of brilliance {unknown}
 m - a potion of haste {unknown}
 o - 5 potions of mutation {unknown}
 p - 2 potions of curing {unknown}


   Skills:
 * Level 3.0 Fighting
 * Level 3.3 Long Blades
 - Level 1.7 Throwing
 + Level 1.1 Armour
 + Level 2.9 Dodging
 + Level 1.2 Stealth
 + Level 1.6 Invocations
 + Level 1.2 Evocations


You had 3 spell levels left.
You didn't know any spells.
Your spell library contained the following spells:

 Spells                   Type           Power      Damage    Failure   Level
 Blink                    Tloc           0%         N/A       77%         2
 Lesser Beckoning         Tloc           0%         N/A       77%         2
 Momentum Strike          Conj/Tloc      0%         3d8       77%         2
 Wereblood                Tmut           0%         N/A       77%         2
 Call Canine Familiar     Summ           0%         N/A       94%         3
 Sigil of Binding         Hex            0%         N/A       94%         3
 Tukima's Dance           Hex            0%         N/A       94%         3
 Dimensional Bullseye     Hex/Tloc       0%         N/A       100%        4
 Iskenderun's Mystic Bla  Conj/Tloc      0%         2d3       100%        4
 Leda's Liquefaction      Hex/Erth       0%         N/A       100%        4
 Irradiate                Conj/Tmut      0%         3d11      100%        5


Dungeon Overview and Level Annotations

Branches:
Dungeon (3/15)              Sewer (1/1)

Altars:


Innate Abilities, Weirdness & Mutations

You regenerate magic rapidly.
You are partially covered in razor-sharp scales. (AC +1, Slay +1)


Message History

The ball python bites you but does no damage.
The bullfrog hits you.
The ball python bites you but does no damage. x2
The frilled lizard completely misses you.
The ball python barely misses you. The ball python constricts you.
The ball python bites you but does no damage.
The bullfrog hits you.
You barely miss the ball python. The ball python closely misses you.
The ball python bites you but does no damage.
The bullfrog hits you.
* * * LOW HITPOINT WARNING * * *
The ball python bites you but does no damage.
The ball python constricts you. The ball python barely misses you.
The ball python bites you but does no damage.
The ball python bites you.
* * * LOW HITPOINT WARNING * * *
The bullfrog barely misses you.
As you read the scroll labelled OCHOEDYCIR, it dissolves into smoke.
It was a scroll of fog.
The ball python loses its grip on you. The ball python bites you.
* * * LOW HITPOINT WARNING * * *
The ball python grabs you. The ball python constricts you.
The frilled lizard bites you but does no damage.
The ball python bites you.
* * * LOW HITPOINT WARNING * * *
The bullfrog barely misses you. The ball python bites you.
* * * LOW HITPOINT WARNING * * *
The bullfrog hits you but does no damage.
It was a potion of berserk rage.
A red film seems to cover your vision as you go berserk!
You feel yourself moving faster!
You feel mighty!
The ball python bites you but does no damage.
The ball python constricts you. The bullfrog barely misses you.
The ball python bites you but does no damage.
The frilled lizard bites you but does no damage.
The frilled lizard bites you.
* * * LOW HITPOINT WARNING * * *
The ball python bites you but does no damage.
The bullfrog hits you!
You die...

#....'..# #....#..#
##...####
#....##################
#......~≈≈≈≈≈≈≈≈≈≈≈≈~≈#.
##....~~~~~~≈≈≈≈≈~≈≈~≈..
#....~~~~~~~~≈S≈~~~~≈..
#....~≈~≈~~~§lSFJ~~~~~.
##...~~≈~≈~≈§l@S#≈~
###.#≈≈≈≈≈~§§SFl≈≈≈~..
####################


You could see 2 bullfrogs, an endoplasm, 4 ball pythons and 3 frilled lizards.

Vanquished Creatures
  3 adders
  A river rat (Sewer)
  3 worms (D:2)
  A dart slug (D:2)
  An orc (D:3)
  12 ball pythons
  5 bats
  10 endoplasms
  2 giant cockroaches
  4 goblins
  4 hobgoblins
  6 frilled lizards
  3 kobolds
  30 rats
  A spectral hobgoblin (D:2)
86 creatures vanquished.

Notes
Turn   | Place    | Note
-------+----------+-------------------------------------------
     0 | D:1      | Revguard the Demonspawn Gladiator began the quest for the
                  | Orb.
     0 | D:1      | Reached XP level 1. HP: 16/16 MP: 1/1
   303 | D:1      | Gained mutation: You are partially covered in razor-sharp
                  | scales. (AC +1, Slay +1) [demonic ancestry]
   303 | D:1      | Reached XP level 2. HP: 22/22 MP: 2/2
  1254 | D:2      | Gained mutation: You regenerate magic rapidly. [demonic
                  | ancestry]
  1254 | D:2      | Reached XP level 3. HP: 19/28 MP: 3/3
  1295 | D:2      | Found a faded altar of an unknown god.
  1349 | D:2      | Reached skill level 1 in Invocations
  1609 | D:2      | Reached skill level 1 in Stealth
  2059 | D:3      | Reached skill level 1 in Armour
  2059 | D:3      | Reached skill level 1 in Evocations
  2059 | D:3      | Reached XP level 4. HP: 34/34 MP: 5/5
  2059 | D:3      | Found a glowing drain.
  2070 | Sewer    | Entered a sewer
  2402 | Sewer    | Noticed a bullfrog
  2408 | Sewer    | Noticed a bullfrog
  2414 | Sewer    | HP: 2/52 [frilled lizard (2)]
  2414 | Sewer    | Slain by a bullfrog

Illustrated notes

Levels and vault maps discovered:
D:1:      heliophobic_arrival_dark_side_of_the_moon, layout_basic,
          chequers_serial_rivers_micro_a, minmay_fountain_box, nrook_mini_vaults
D:2:      layout_loops_cross, dreamdust_ecumenical_altar_drowned_temple
D:3:      layout_basic, portal_sewer_entry_d, uniq_crazy_yiuf_cottage
Sewer:    sewer_minmay_w

Skill      XL: |  1  2  3  4 |
---------------+-------------+-----
Invocations    | 1 |  1.6
Long Blades    | 3 |  3.3
Stealth        | 1 |  1.2
Armour         | 1 |  1.1
Evocations     | 1 |  1.2
Fighting       | 3 |  3.0
Throwing       | |  1.7
Dodging        | |  2.9

Action                     |  1- 3 |  4- 6 || total
---------------------------+-------+-------++-------
  Melee: Long sword        |   129 |    91 ||   220
         Punch             |     1 |     1 ||     2
    Use: Scroll            |     4 |     1 ||     5
         Potion            |       |     1 ||     1
 Armour: Ring mail         |    91 |   117 ||   208
  Dodge: Dodged            |    87 |   117 ||   204

Table legend: (Time is in decaauts)
 A = Elapsed time spent in this place.
 B = Non-inter-level travel time spent in this place.
 C = Inter-level travel time spent in this place.
 D = Time resting spent in this place.
 E = Time spent auto-exploring this place.
 F = Levels seen in this place.
 G = Mean time per level.
                   A        B        C        D        E       F      G
               +--------+--------+--------+--------+--------+-----+--------+
         Total |   2527 |   2491 |     36 |      0 |   1829 |   4 |  631.8 |
       Dungeon |   2114 |   2078 |     36 |      0 |   1648 |   3 |  704.7 |
         Sewer |    412 |    412 |      0 |      0 |    180 |   1 |  412.0 |
               +--------+--------+--------+--------+--------+-----+--------+

Top non-repeatable levels by time:
     D:1: 1191 daAuts
     D:2: 784 daAuts
   Sewer: 412 daAuts
     D:3: 138 daAuts
